 Dungeon Crawl Stone Soup version 0.25-a0-474-ga8a2ee3166 (webtiles) character file.

Game seed: 4379185923968297416, levelgen mode: deterministic

602 Kape1 the Skirmisher (level 7, -1/62 HPs)
             Began as a Minotaur Abyssal Knight on Feb 7, 2020.
             Was a Priest of Lugonu.
             Slain by an iguana (11 damage)
             ... on level 4 of the Dungeon.
             The game lasted 00:12:43 (4406 turns).

Kape1 the Skirmisher (Minotaur Abyssal Knight)      Turns: 4406, Time: 00:12:43

Health: -1/62      AC:  7    Str: 17    XL:     7   Next: 18%
Magic:  8/8        EV: 12    Int:  9    God:    Lugonu [***...]
Gold:   119        SH:  0    Dex: 11    Spells: 6/6 levels left

rFire    . . .     SeeInvis .   l - +0 long sword
rCold    . . .     Gourm    .   (no shield)
rNeg     . . .     Faith    .   i - +1 ring mail
rPois    .         Spirit   .   (helmet restricted)
rElec    .         Reflect  .   (no cloak)
rCorr    .         Harm     .   (no gloves)
MR       .....                  (no boots)
Stlth    +.........             (no amulet)
HPRegen  0.20/turn              (no ring)
MPRegen  0.11/turn              (no ring)

@: no status effects
A: retaliatory headbutt, horns 2
a: Depart the Abyss, Bend Space, Banish, Renounce Religion


You were on level 4 of the Dungeon.
You worshipped Lugonu.
Lugonu was most pleased with you.
You were not hungry.

You visited 1 branch of the dungeon, and saw 5 of its levels.
You visited the Abyss 1 time.

You collected 119 gold pieces.

Inventory:

Hand Weapons
 a - a +1 falchion
 l - a +0 long sword (weapon)
Missiles
 g - 6 atropa-tipped darts (quivered)
Armour
 i - a +1 ring mail (worn)
Scrolls
 d - 2 scrolls of remove curse
 j - 2 scrolls of blinking {unknown}
Potions
 b - a potion of might {unknown}
 e - 2 potions of curing
 f - a potion of brilliance {unknown}
 h - 2 potions of berserk rage {unknown}
 m - a potion of haste {unknown}
Comestibles
 c - 4 rations


   Skills:
 + Level 5.6 Fighting
 + Level 4.6 Long Blades
 + Level 4.7 Armour
 + Level 3.6 Dodging
 + Level 3.8 Invocations


You had 6 spell levels left.
You didn't know any spells.
Your spell library was empty.

Dungeon Overview and Level Annotations

Branches:
Dungeon (5/15)
 Temple: D:4-7

Altars:
Dithmenos

Annotations:
D:2 2 transporters


Innate Abilities, Weirdness & Mutations

You reflexively headbutt those who attack you in melee.
You have a pair of horns on your head.


Message History

The iguana is moderately wounded.
The iguana bites you.
You hit the iguana.
The iguana is moderately wounded.
The iguana bites you!
You hit the iguana.
The iguana is moderately wounded.
The iguana bites you!
* * * LOW HITPOINT WARNING * * *
An orc comes into view. It is wielding a +0 mace.
The orc shouts!
You hit the iguana but do no damage. Your headbutt misses the iguana.
The iguana is moderately wounded.
The iguana misses you.
You riposte.
You closely miss the iguana. Your headbutt misses the iguana.
The iguana is moderately wounded.
You hit the iguana.
The iguana is heavily wounded.
The iguana misses you. The iguana bites you!
You die...

....# ....
#... ... #.. #
# .####.. .#.
......)## ###
#.#
#.l@######.#
#.#
#.......#.#.#
#.# #...###..#
#.#####.#
##### #.##
##.....>#
##.###.#######
##.#.## ##.##
###


You could see an iguana.

Vanquished Creatures
  A sky beast (D:5)
  An ogre (D:4)
  A bullfrog (D:5)
  2 orc priests (D:3)
  An orc wizard (D:3)
  2 jellies (D:2)
  5 adders
  11 oozes
  4 worms
  A dart slug (D:1)
  5 leopard geckos
  9 orcs (D:3)
  4 giant cockroaches
  6 hobgoblins
  2 jackals (D:3)
  2 quokkas
  2 ball pythons
  10 bats
  3 frilled lizards
  8 goblins
  16 kobolds
  6 rats
102 creatures vanquished.

Vanquished Creatures (others)
  6 fungi (D:2)
  8 toadstools (D:2)
14 creatures vanquished.

Grand Total: 116 creatures vanquished

Notes
Turn   | Place    | Note
-------+----------+-------------------------------------------
     0 | Abyss:1  | Kape1 the Minotaur Abyssal Knight began the quest for the
                  | Orb.
     0 | Abyss:1  | Reached XP level 1. HP: 19/19 MP: 1/1
   162 | Abyss:1  | Noticed a large abomination
   163 | D:1      | Escaped the Abyss
   215 | D:1      | Reached * piety under Lugonu
   365 | D:1      | Reached XP level 2. HP: 26/27 MP: 2/2
   544 | D:1      | Reached skill level 4 in Fighting
   911 | D:2      | Noticed a hungry ghost
   912 | D:2      | Found a shadowy altar of Dithmenos.
   917 | D:2      | Found a transporter.
   926 | D:2      | Reached XP level 3. HP: 32/33 MP: 3/3
  1334 | D:2      | Reached ** piety under Lugonu
  1454 | D:2      | Reached XP level 4. HP: 40/41 MP: 4/4
  1686 | D:2      | Reached XP level 5. HP: 29/47 MP: 4/6
  2090 | D:2      | Found a transporter.
  2646 | D:3      | Reached skill level 5 in Fighting
  2912 | D:3      | Reached XP level 6. HP: 50/56 MP: 7/7
  3019 | D:3      | Reached *** piety under Lugonu
  4084 | D:4      | You fall into a shaft and drop 1 floor!
  4084 | D:5      | Entered Level 5 of the Dungeon
  4119 | D:5      | Noticed a sky beast
  4128 | D:5      | Killed a sky beast
  4351 | D:5      | Reached XP level 7. HP: 59/61 MP: 8/8
  4406 | D:4      | Slain by an iguana

Levels and vault maps discovered:
D:1:      minmay_arrival_arboretum_small, layout_rooms,
          hangedman_decor_peaks_small
D:2:      cheibrodos_fertilizer, layout_basic, gammafunk_temple_overflow_arena,
          serial_forest, infiniplex_forest_clump_small,
          infiniplex_forest_clump_cross, infiniplex_forest_straight_2,
          infiniplex_forest_zigzag_2, infiniplex_forest_lined_corner,
          infiniplex_forest_clump_tiny
D:3:      layout_basic, first_ration
D:4:      layout_loops_cross, hangedman_decor_opposing, uniq_natasha, uniq_robin
D:5:      layout_loops_corners

Skill      XL: |  1  2  3  4  5  6 |
---------------+-------------------+-----
Invocations    | 2 3 |  3.8
Fighting       | 4 5 |  5.6
Armour         | 3 4 |  4.7
Long Blades    | 3 4 |  4.6
Dodging        | 2 3 |  3.6

Action                   |  1- 3 |  4- 6 |  7- 9 || total
-------------------------+-------+-------+-------++-------
Melee: Falchion          |    75 |    95 |       ||   170
       Headbutt          |    15 |    32 |     3 ||    50
       Long sword        |       |    41 |    13 ||    54
Throw: Dart              |     2 |       |       ||     2
Invok: Depart the Abyss  |     1 |       |       ||     1
       Bend Space        |       |     2 |       ||     2
  Use: Scroll            |       |     6 |       ||     6
 Stab: Invisible         |     1 |       |       ||     1
  Eat: Chunk             |     2 |     3 |       ||     5
       Ration            |       |     2 |       ||     2
Armor: Leather armour    |     7 |       |       ||     7
       Ring mail         |    22 |    57 |     1 ||    80
Dodge: Dodged            |    37 |    87 |    10 ||   134
       Rpst.: Falchion   |     7 |    20 |       ||    27
       Long sword        |       |     8 |     5 ||    13

Table legend:
 A = Non-vault XP
 B = Vault XP
 C = Vault XP percentage of total XP
 D = Non-vault monster count
 E = Vault monster count
 F = Vault count percentage of total count
                 A         B        C        D         E       F
            +---------+---------+-------+---------+---------+-------
      Total |     693 |     167 |  19.4 |      82 |      20 |  19.6
            +---------+---------+-------+---------+---------+-------
        D:1 |      35 |       0 |   0.0 |      20 |       0 |   0.0
        D:2 |      64 |     167 |  72.3 |      19 |      20 |  51.3
        D:3 |     227 |       0 |   0.0 |      37 |       0 |   0.0
        D:4 |     130 |       0 |   0.0 |       2 |       0 |   0.0
        D:5 |     237 |       0 |   0.0 |       4 |       0 |   0.0
            +---------+---------+-------+---------+---------+-------
